 Dungeon Crawl Stone Soup version 0.21.1-1-g345015fe64 (webtiles) character file.

114 DildoBatman the Skirmisher (level 5, -1/41 HPs)
             Began as a Formicid Wizard on May 20, 2018.
             Slain by an orc wizard
             ... wielding a +0 dagger
              (3 damage)
             ... on level 3 of the Dungeon.
             The game lasted 00:08:13 (2664 turns).

DildoBatman the Skirmisher (Formicid Wizard)        Turns: 2664, Time: 00:08:13

Health: -1/41      AC:  2    Str: 11    XL:     5   Next: 19%
Magic:  0/9        EV: 12    Int: 19    God:
Gold:   155        SH:  0    Dex:  9    Spells: 4/10 levels left

rFire    . . .     SeeInvis +   m - +0 spear
rCold    . . .     Gourm    .   (no shield)
rNeg     . . .     Faith    .   a - +0 robe
rPois    .         Spirit   .   (helmet unavailable)
rElec    .         Reflect  .   (no cloak)
rCorr    .         Harm     .   (no gloves)
MR       .....                  (no boots)
Stlth    ++........             o - amulet of magic regeneration
HPRegen  0.13/turn              (no ring)
MPRegen  0.36/turn              (no ring)

@: no status effects
A: permanent stasis, dig shafts and tunnels, four strong arms, antennae 3
a: Dig, Shaft Self


You were on level 3 of the Dungeon.
You were not hungry.

You visited 1 branch of the dungeon, and saw 3 of its levels.

You collected 155 gold pieces.

Inventory:

Hand Weapons
 h - a +0 short sword
 l - a cursed -3 dagger
 m - a +0 spear (weapon)
 u - a +2 falchion of holy wrath
Missiles
 c - 92 stones (quivered)
 n - 23 arrows
 q - 15 bolts
Armour
 a - a +0 robe (worn)
 r - a cursed -2 scale mail
Jewellery
 o - an amulet of magic regeneration (around neck)
Scrolls
 g - a scroll of immolation {unknown}
 i - 2 scrolls of remove curse {unknown}
 j - 5 scrolls of identify {unknown}
 s - a scroll of teleportation {unknown}
 t - a scroll of enchant armour {unknown}
 w - a scroll of noise {unknown}
Potions
 d - a potion of flight {unknown}
 e - 2 potions of mutation {unknown}
 f - a potion of curing {unknown}
 k - a potion of heal wounds {unknown}
Books
 b - a book of Minor Magic

   Spells                             Type                      Level
   a - Magic Dart                     Conjuration                  1
   b - Blink                          Translocation                2
   c - Call Imp                       Summoning                    2
   d - Slow                           Hexes                        2
   e - Conjure Flame                  Conjuration/Fire             3
   f - Mephitic Cloud                 Conjuration/Poison/Air       3
Comestibles
 p - 7 chunks of flesh
 v - 4 rations


   Skills:
 * Level 3.3 Fighting
 * Level 0.7 Polearms
 * Level 0.8 Armour
 - Level 2.0 Dodging
 * Level 2.9 Stealth
 - Level 3.2 Spellcasting
 - Level 2.0 Conjurations
   Level 1.0 Summonings
   Level 0.8 Translocations


You had 4 spell levels left.
You knew the following spells:

 Your Spells              Type           Power        Failure   Level  Hunger
a - Slow                  Hex            #.......     22%         2    ##.....
b - Mephitic Cloud        Conj/Pois/Air  #.......     34%         3    ###....
c - Magic Dart            Conj           ##..         6%          1    None


Dungeon Overview and Level Annotations

Branches:
Dungeon (3/15)

Altars:
Cheibriados
Hepliaklqana
Uskayaw
The Shining One

Annotations:
D:1 exclusion: skeleton, Sigmund
D:2 1 exclusion, Natasha


Innate Abilities, Weirdness & Mutations

You cannot be hasted, slowed, berserked, paralysed or teleported.
You can dig through walls and to a lower floor.
Your four strong arms can wield two-handed weapons with a shield.
You have a pair of large antennae on your head. (SInv)


Message History

Aiming: Magic Dart
Press: ? - help, Shift-Dir - straight line, f/p - orc wizard
Aim: an orc wizard, wielding a dagger and wearing a robe (almost dead)
The magic dart hits the orc wizard.
The orc wizard is almost dead.
The orc wizard hits you with a dagger.
Casting: Magic Dart
Confirm with . or Enter, or press ? or * to list all spells.
You don't have enough magic to cast that spell.
You are too injured to fight recklessly!
You are too injured to fight recklessly!
Casting: Magic Dart
Confirm with . or Enter, or press ? or * to list all spells.
Aiming: Magic Dart
Press: ? - help, Shift-Dir - straight line, f/p - orc wizard
Aim: an orc wizard, wielding a dagger and wearing a robe (almost dead)
The magic dart hits the orc wizard.
The orc wizard is almost dead.
The orc wizard hits you with a dagger.
You die...

#.#.# #.#.#.###### ###
#.#.#.##...# ..#
#.#.#.##...### #.# ##
##............ #.# ..
#....#.##...# #.#
##.#....#.##...#########.#
{
+.........o@.............#
#.#....#.#############..#
#.)..#.#############..#.#
####.#.##...............#
#.#....###############
############......###
#.....
............#.......#
#.####
#####...............# #.#
# #...#...#.#.......#####
#.#


You could see an orc wizard.

Vanquished Creatures
  An orc priest (D:3)
  2 adders
  An ooze (D:2)
  2 leopard geckos
  3 orcs
  4 bats
  5 giant cockroaches
  6 hobgoblins
  7 jackals
  2 quokkas (D:2)
  7 goblins
  4 kobolds
  7 rats
51 creatures vanquished.

Notes
Turn   | Place    | Note
-------+----------+-------------------------------------------
     0 | D:1      | DildoBatman the Formicid Wizard began the quest for the Orb.
     0 | D:1      | Reached XP level 1. HP: 13/13 MP: 4/4
     0 | D:1      | Noticed a minotaur skeleton
    50 | D:1      | Reached skill level 1 in Conjurations
   260 | D:1      | Reached skill level 1 in Fighting
   260 | D:1      | Reached XP level 2. HP: 14/21 MP: 0/6
   856 | D:1      | Reached XP level 3. HP: 27/27 MP: 5/7
   860 | D:1      | Learned a level 2 spell: Slow
   864 | D:1      | Learned a level 3 spell: Mephitic Cloud
   963 | D:2      | Noticed Natasha
  1444 | D:2      | Noticed Sigmund
  1520 | D:2      | Reached XP level 4. HP: 18/34 MP: 4/8
  1889 | D:2      | Found a hazy altar of Hepliaklqana.
  2014 | D:2      | Found a hide-covered altar of Uskayaw.
  2410 | D:3      | Found a glowing golden altar of the Shining One.
  2413 | D:3      | Found a snail-covered altar of Cheibriados.
  2595 | D:3      | Reached XP level 5. HP: 27/41 MP: 4/9
  2661 | D:3      | HP: 2/41 [orc wizard/dagger (5)]
  2664 | D:3      | Slain by an orc wizard

Skill      XL: |  1  2  3  4 |
---------------+-------------+-----
Conjurations   | 1 2 |  2.0
Fighting       | 1 2 3 |  3.3
Dodging        | 2 |  2.0
Polearms       | |  0.7
Armour         | |  0.8
Stealth        | |  2.9
Spellcasting   | |  3.2
Summonings     | |  1.0
Translocations | |  0.8

Action                   |  1- 3 |  4- 6 || total
-------------------------+-------+-------++-------
Melee: Short sword       |     9 |       ||     9
       Spear             |     4 |     3 ||     7
 Cast: Magic Dart        |    82 |    67 ||   149
 Abil: Dig               |     2 |     4 ||     6
  Eat: Chunk             |     2 |     4 ||     6
Armor: Robe              |     7 |     1 ||     8
Dodge: Dodged            |    45 |     4 ||    49
